 Dungeon Crawl Stone Soup version 0.24-a0-446-g87df7205b4 (webtiles) character file.

Game seed: 18130022505819716857

79755 HAL9000 the Alchemist (level 15, -22/149 (152) HPs)
             Began as a Red Draconian Transmuter on June 22, 2019.
             Was the Champion of Ru.
             Annihilated by a freezing wraith (28 damage)
             ... led by a death knight
             ... on level 13 of the Dungeon on June 24, 2019.
             The game lasted 01:40:51 (35312 turns).

HAL9000 the Alchemist (Red Draconian Transmuter)   Turns: 35312, Time: 01:40:52

HP:   -22/149 (152) AC: 31    Str: 20    XL:     15   Next: 21%
MP:   26/26         EV: 16    Int: 17    God:    Ru [******]
Gold: 1977          SH:  7    Dex: 14    Spells: 6/34 levels left

rFire    . . .     SeeInvis .     - Unarmed
rCold    x . .     Gourm    .   N - +2 buckler
rNeg     + . .     Faith    .   (armour unavailable)
rPois    ∞         Spirit   .   (helmet restricted)
rElec    +         Reflect  .   y - +1 cloak
rCorr    .         Harm     .   (gloves currently unavailable)
MR       .....                  (boots currently unavailable)
Stlth    ..........             C - amulet "Reuliwoi" {Regen+ Str+5 Int+2}
HPRegen  0.74/turn              v - +3 ring of protection
MPRegen  0.20/turn              n - ring of wizardry

@: statue-form, slowed, very slow
A: (breathe fire), unfitting armour, fire resistance 1, frail 1, low mp 1,
cold-blooded, no stealth, magic vulnerability 1, temperature sensitive, AC +9
a: End Transformation, Draw Out Power, Power Leap, Apocalypse, Renounce Religion


You were on level 13 of the Dungeon.
You worshipped Ru.
Ru was exalted by your worship.
You were not hungry.
You were a stone statue.
You visited 4 branches of the dungeon, and saw 22 of its levels.

You collected 2244 gold pieces.
You spent 267 gold pieces at shops.

Inventory:

Missiles
 p - 90 arrows
 I - 7 javelins (quivered)
 O - 5 curare-tipped darts
Armour
 d - a +0 shield of resistance
 k - the +2 pair of gloves "Nojygror" (melded) {MP+9 Int+3 Dex+4}
   (You found it on level 6 of the Lair of Beasts)

   It affects your intelligence (+3).
   It affects your dexterity (+4).
   It affects your magic capacity (+9).
 y - a +1 cloak (worn)
 N - a +2 buckler (worn)
 V - a +0 pair of boots (melded)
Magical Staves
 F - an uncursed staff of power
Jewellery
 f - a +2 ring of evasion {unknown}
 n - a ring of wizardry (right hand)
 v - a +3 ring of protection (left hand)
 C - the amulet "Reuliwoi" (around neck) {Regen+ Str+5 Int+2}
   (You found it on level 6 of the Lair of Beasts)

   [amulet of regeneration]

   It affects your strength (+5).
   It affects your intelligence (+2).
   It increases your rate of regeneration.
 Z - an uncursed ring of see invisible
Wands
 b - a wand of polymorph (16)
 h - a wand of paralysis (8)
 x - a wand of disintegration (39)
 B - a wand of iceblast (32)
 D - a wand of digging (3)
 E - a wand of enslavement (15)
 R - a wand of acid (21)
Scrolls
 e - 5 scrolls of fog
 r - 2 scrolls of fear
 t - 14 scrolls of remove curse
 G - 7 scrolls of teleportation
 H - 2 scrolls of summoning
 K - 2 scrolls of holy word
 U - 2 scrolls of magic mapping
Potions
 g - 5 potions of heal wounds
 i - 7 potions of might
 j - a potion of resistance
 l - a potion of agility
 o - 5 potions of flight
 q - 2 potions of cancellation
 s - 2 potions of brilliance
 w - a potion of ambrosia
 z - 10 potions of curing
 A - 4 potions of haste
 P - a potion of invisibility
Miscellaneous
 m - a phantom mirror
 u - a fan of gales
 J - a phial of floods
 L - a fan of gales
Comestibles
 a - 7 chunks of flesh
 c - 27 rations


   Skills:
 - Level 11.2 Fighting
   Level 2.8 Long Blades
 - Level 7.3 Dodging
 + Level 6.3 Shields
 - Level 10.2 Unarmed Combat
 - Level 10.0 Spellcasting
 - Level 3.0 Conjurations
 - Level 15.5 Transmutations
 - Level 9.0 Earth Magic


You had 6 spell levels left.
You knew the following spells:

 Your Spells              Type           Power        Failure   Level  Hunger
a - Beastly Appendage     Tmut           ######       0%          1    None
b - Sticks to Snakes      Tmut           ######..     0%          2    None
c - Dragon Form           Tmut           ######....   4%          7    #######
d - Blade Hands           Tmut           ######....   1%          5    #####..
e - Statue Form           Tmut/Erth      ######...    3%          6    ######.
f - Shroud of Golubria    Chrm/Tloc      #.....       5%          2    None
g - Irradiate             Conj/Tmut      #####.....   2%          5    #####..

Your spell library contained the following spells:

 Spells                   Type           Power        Failure   Level  Hunger
 Spider Form              Tmut/Pois      ####......   1%          3    None
 Ice Form                 Ice/Tmut       ####....     1%          4    ###....
 Hydra Form               Tmut           ######....   1%          6    ######.
 Throw Flame              Conj/Fire      ##....       2%          2    None
 Apportation              Tloc           #.....       3%          1    None
 Summon Butterflies       Summ           #.......     3%          1    None
 Alistair's Intoxication  Tmut/Pois      ####....     4%          5    #####..
 Blink                    Tloc           N/A          5%          2    None
 Corpse Rot               Necr           N/A          5%          2    None
 Sublimation of Blood     Necr           #.........   5%          2    None
 Gell's Gravitas          Tloc           #.........   11%         3    None
 Lesser Beckoning         Tloc           #.........   11%         3    None
 Teleport Other           Tloc           #.......     11%         3    None
 Tukima's Dance           Hex            #.......     11%         3    None
 Passage of Golubria      Tloc           N/A          32%         4    ###....
 Iron Shot                Conj/Erth      ####......   38%         6    ######.
 Bolt of Draining         Conj/Necr      ##........   43%         5    #####..
 Agony                    Necr           #.......     65%         5    #####..
 Dispel Undead            Necr           #.......     65%         5    #####..
 Excruciating Wounds      Chrm/Necr      #.........   65%         5    #####..
 Invisibility             Hex            #.......     99%         6    ######.
 Orb of Destruction       Conj           ###.......   100%        7    #######


Dungeon Overview and Level Annotations

Branches:
Dungeon (13/15)            Temple (1/1) D:7            Lair (6/6) D:11
 Shoals (0/4) Lair:3        Snake (0/4) Lair:3        Slime (0/5) Lair:6
    Orc (2/2) D:12            Elf (0/3) Orc:2
 Vaults: D:13-14

Altars:
Ashenzari
Cheibriados
Dithmenos
Elyvilon
Fedhas
Gozag
Hepliaklqana
Kikubaaqudgha
Makhleb
Nemelex Xobeh
Okawaru
Qazlal
Ru
Sif Muna
Trog
Uskayaw
Vehumet
Wu Jian
Xom
Yredelemnul
Zin
The Shining One

Shops:
D:8 [   D:12 *   Orc:2 [*(?

Annotations:
D:3 1 runed translucent door
D:12 3 runed translucent doors, Peloso's ghost, journeyman MiFi


Innate Abilities, Weirdness & Mutations

((You can breathe blasts of fire.))
((Your fiery red scales are hard. (AC +9)))
You cannot fit into any form of body armour.
Your flesh is heat resistant. (rF+)
You are frail. (-10% HP)
Your magical capacity is low. (-10% MP)
You are cold-blooded and may be slowed by cold attacks.
You cannot be stealthy.
You are slightly vulnerable to magic. (MR-)
You are sensitive to extremes of temperature. (rF-, rC-)


Message History

* * * LOW HITPOINT WARNING * * *
You focus your will and illuminate the freezing wraith in retribution!
The freezing wraith hits you but does no damage.
The wraith hits you but does no damage.
The acid dragon is stunned by your will and fails to attack.
Unknown command.
You hit the wraith.
Your tail-slap misses the wraith.
The wraith is heavily damaged.
The freezing wraith hits you!
* * * LOW HITPOINT WARNING * * *
The freezing wraith freezes you!!
You feel a terrible chill!
You feel as though you will be slow longer.
* * * LOW HITPOINT WARNING * * *
The freezing wraith completely misses you.
You block the wraith's attack. The acid dragon closely misses you. x2
The freezing wraith hits you.
* * * LOW HITPOINT WARNING * * *
The freezing wraith freezes you!!
You feel a terrible chill!
You feel as though you will be slow longer.
You die...

#.. ###########
#.#.
#.........######..
#............. ..#
# #..........#
##.# .#
#.........## #..#
##.# ##
###.###.#..####..#
.$.#... # #.#
#..†.......#
.....# ###.#
####......8###...#
....#
#.....WWD.÷...#
.####
##............# .#
#..........#.#
.#### #..........#
# ....#
#..........#
###>....
#............ .#
#### #............
.# .#...######...


You could see a freezing wraith, a wraith and an acid dragon.

Vanquished Creatures
  An orc warlord (D:12)
  Azrael (D:12)
  A fire dragon (D:12)
  6 hydras
  2 ogre magi (Orc:2)
  15 two-headed ogres
  Erica (D:10)
  2 death knights
  An orc high priest (Orc:1)
  Urug (Lair:3)
  A skeletal warrior (D:12)
  An orc knight (Orc:1)
  A wolf spider zombie (D:9)
  A deep elf mage (D:12)
  A cyclops (D:9)
  A manticore (D:12)
  5 black mambas
  A centaur zombie (D:12)
  Maurice (D:8)
  15 elephants
  23 spiny frogs
  2 rime drakes
  10 komodo dragons
  2 freezing wraiths
  7 trolls
  8 polar bears
  3 tyrant leeches (Lair:6)
  26 blink frogs
  7 slime creatures
  3 hippogriffs
  A hornet (D:12)
  A shadow (D:12)
  A spriggan (D:7)
  A wraith (D:12)
  34 yaks
  Grum (D:8)
  3 wyverns
  3 fire elementals
  A hungry ghost (D:10)
  6 vampire mosquitoes
  2 wargs (Orc:2)
  Edmund (D:4)
  11 water moccasins
  Duvessa (D:7)
  3 nagas (Lair:3)
  3 hell hounds (D:12)
  3 ice beasts
  4 porcupines
  27 orc warriors
  5 sky beasts
  31 ogres
  A black bear (D:7)
  2 phantoms
  An eye of draining (shapeshifter) (D:13)
  2 necrophages
  32 wolves
  8 centaurs
  6 crocodiles
  A big kobold (D:11)
  A gnoll sergeant (D:11)
  24 bullfrogs
  Dowan (D:7)
  6 scorpions
  9 killer bees
  4 wights (D:11)
  5 howler monkeys
  7 electric eels
  4 crimson imps
  4 jellies
  A human zombie (D:3)
  11 hounds
  15 orc wizards
  20 orc priests
  Crazy Yiuf (D:5)
  2 centaur skeletons
  Jessica (D:3)
  A human skeleton (D:3)
  10 worker ants
  An iguana (D:10)
  Natasha (thrice) (D:3)
  A hound zombie (D:6)
  A hound skeleton (D:8)
  A howler monkey zombie (D:6)
  Robin (D:3)
  4 worker ant zombies
  3 gnolls (D:11)
  9 adders
  2 shadow imps
  An adder zombie (D:8)
  3 worms
  A dart slug (D:4)
  4 leopard geckos
  74 orcs
  A ball python (D:4)
  8 giant cockroaches
  8 goblins
  8 hobgoblins
  6 jackals
  16 kobolds
  3 quokkas
  A ball python skeleton (D:5)
  4 frilled lizards
  A jackal zombie (D:6)
  2 leopard gecko skeletons (D:7)
  A quokka zombie (D:6)
  11 rats
  A fungus (D:5)
653 creatures vanquished.

Vanquished Creatures (collateral kills)
  A hydra (Lair:1)
  Sonja (D:10)
  A komodo dragon (Lair:6)
  A troll (D:12)
  A tyrant leech (Lair:6)
  2 polar bears (Lair:5)
  A blink frog (Lair:6)
  2 slime creatures (D:12)
  A yak (Lair:1)
  A bullfrog (Lair:3)
  3 orcs
  A butterfly (Lair:1)
16 creatures vanquished.

Vanquished Creatures (others)
  A hydra (Lair:2)
  2 ogre magi (Orc:2)
  A two-headed ogre (Orc:2)
  2 spiny frogs (Lair:6)
  2 rime drakes
  A blink frog (Lair:6)
  2 hippogriffs
  A slime creature (D:12)
  A wolf (Lair:6)
  An ogre (Orc:2)
  A crocodile (Lair:2)
  2 orcs
  23 fungi
  50 plants
90 creatures vanquished.

Grand Total: 759 creatures vanquished

Notes
Turn   | Place    | Note
-------+----------+-------------------------------------------
     0 | D:1      | HAL9000 the Draconian Transmuter began the quest for the
                  | Orb.
     0 | D:1      | Reached XP level 1. HP: 16/16 MP: 3/3
   314 | D:1      | Reached XP level 2. HP: 23/23 MP: 3/5
  1161 | D:1      | Reached XP level 3. HP: 27/28 MP: 6/6
  1482 | D:2      | Found an opulent altar of Gozag.
  1939 | D:3      | Noticed Jessica
  1944 | D:3      | Killed Jessica
  1944 | D:3      | Reached skill level 5 in Unarmed Combat
  1944 | D:3      | Reached XP level 4. HP: 23/35 MP: 7/7
  1973 | D:3      | Noticed Robin
  2232 | D:2      | Learned a level 2 spell: Sticks to Snakes
  2236 | D:2      | Learned a level 3 spell: Spider Form
  2246 | D:3      | Killed Robin
  2897 | D:3      | Found a shadowy altar of Dithmenos.
  3031 | D:3      | Noticed Natasha
  3041 | D:3      | Killed Natasha
  3041 | D:3      | Reached XP level 5. HP: 40/40 MP: 6/8
  3114 | D:3      | Noticed Natasha
  3123 | D:3      | Killed Natasha
  3554 | D:3      | Found a runed translucent door.
  3554 | D:3      | Noticed a human
  3580 | D:3      | Found a basalt altar of Yredelemnul.
  3821 | D:3      | Noticed Natasha
  3830 | D:3      | Killed Natasha
  3830 | D:3      | Reached skill level 3 in Transmutations
  3896 | D:3      | Reached XP level 6. HP: 33/47 MP: 7/9
  4148 | D:4      | Noticed Edmund
  4164 | D:4      | Killed Edmund
  4164 | D:4      | Reached skill level 4 in Transmutations
  4326 | D:4      | Reached skill level 5 in Transmutations
  4653 | D:4      | Your scales start taking on a fiery red colour.
  4653 | D:4      | Reached XP level 7. HP: 37/52 MP: 3/10
  4653 | D:4      | Gained mutation: Your flesh is heat resistant. (rF+) [Red
                  | Draconian growth]
  5273 | D:4      | Reached skill level 6 in Transmutations
  5485 | D:5      | Entered Level 5 of the Dungeon
  5710 | D:5      | Reached skill level 7 in Transmutations
  6250 | D:5      | Reached XP level 8. HP: 59/59 MP: 7/11
  6261 | D:5      | Learned a level 5 spell: Blade Hands
  6301 | D:5      | Reached skill level 8 in Transmutations
  6331 | D:5      | Found a bloodstained altar of Trog.
  6684 | D:5      | Found a runed translucent door.
  6684 | D:5      | Noticed Crazy Yiuf
  6693 | D:5      | Killed Crazy Yiuf
  7132 | D:6      | Found a shattered altar of Ashenzari.
  7259 | D:6      | Reached skill level 9 in Transmutations
  8299 | D:7      | Noticed Duvessa
  8300 | D:7      | Noticed Dowan
  8309 | D:7      | Killed Duvessa
  8309 | D:7      | Reached skill level 10 in Transmutations
  8315 | D:7      | Killed Dowan
  8552 | D:7      | Found a glowing golden altar of the Shining One.
  8656 | D:7      | Found a staircase to the Ecumenical Temple.
  9182 | D:7      | Reached XP level 9. HP: 39/67 MP: 7/12
  9783 | D:7      | Reached skill level 5 in Fighting
  9864 | D:8      | Noticed a two-headed ogre
  9875 | D:8      | Killed a two-headed ogre
 10118 | D:8      | Noticed Grum
 10401 | D:8      | Killed Grum
 10554 | D:8      | Reached XP level 10. HP: 73/89 MP: 9/13
 10883 | D:8      | Found Hogeuruu's Antique Armour Shoppe.
 11033 | D:8      | Noticed Maurice
 11200 | D:8      | Paralysed by Maurice for 2 turns
 11226 | D:8      | Killed Maurice
 11226 | D:8      | Reached skill level 10 in Fighting
 11508 | D:9      | Found a sparkling altar of Nemelex Xobeh.
 11508 | D:9      | Found a snail-covered altar of Cheibriados.
 11508 | D:9      | Found a glowing golden altar of the Shining One.
 11508 | D:9      | Found an ornate altar of the Wu Jian Council.
 11556 | D:9      | Found an ancient bone altar of Kikubaaqudgha.
 11660 | Temple   | Entered the Ecumenical Temple
 11908 | Temple   | Became a worshipper of Ru the Awakened
 12195 | D:9      | Noticed a cyclops
 12229 | D:9      | Killed a cyclops
 13167 | D:10     | Entered Level 10 of the Dungeon
 13235 | D:10     | Found an iron altar of Okawaru.
 13546 | D:10     | Found a radiant altar of Vehumet.
 13565 | D:10     | Noticed Erica
 13574 | D:10     | Killed Erica
 13684 | D:10     | Reached XP level 11. HP: 76/100 MP: 8/14
 13693 | D:10     | Gained mutation: You are slightly vulnerable to magic.
                  | (MR-) [Ru sacrifice]
 13693 | D:10     | Reached * piety under Ru
 13828 | D:10     | Reached skill level 1 in Shields
 14019 | D:10     | Noticed Sonja
 14838 | D:10     | Killed Sonja
 15424 | D:11     | Reached skill level 5 in Shields
 15884 | D:11     | Noticed a two-headed ogre
 15897 | D:11     | Killed a two-headed ogre
 16471 | D:11     | Reached skill level 5 in Dodging
 16851 | D:11     | Found a staircase to the Lair.
 18205 | Lair:1   | Entered Level 1 of the Lair of Beasts
 18275 | Lair:1   | Identified Otoug's Collected Works on Conjuration
 18295 | Lair:1   | Reached skill level 10 in Unarmed Combat
 18307 | Lair:1   | Noticed a five-headed hydra
 18769 | Lair:1   | Killed a five-headed hydra
 19452 | Lair:1   | Gained mutation: You are sensitive to extremes of
                  | temperature. (rF-, rC-) [Ru sacrifice]
 19452 | Lair:1   | Reached ** piety under Ru
 19452 | Lair:1   | Reached *** piety under Ru
 19452 | Lair:1   | Reached **** piety under Ru
 19463 | Lair:1   | Learned a level 6 spell: Statue Form
 19616 | Lair:1   | Reached XP level 12. HP: 108/108 MP: 12/18
 19634 | Lair:1   | Reached skill level 5 in Spellcasting
 20406 | Lair:2   | Reached skill level 1 in Earth Magic
 20467 | Lair:2   | Noticed an eight-headed hydra
 20748 | Lair:2   | Killed an eight-headed hydra
 21315 | Lair:2   | Learned a level 2 spell: Shroud of Golubria
 21329 | Lair:3   | Noticed Urug
 21340 | Lair:3   | Killed Urug
 21367 | Lair:3   | Found a staircase to the Snake Pit.
 21526 | Lair:3   | Upgraded the game from 0.24-a0-445-gd5110b030a to
                  | 0.24-a0-446-g87df7205b4
 21563 | Lair:3   | Reached skill level 5 in Earth Magic
 21589 | Lair:3   | Gained mutation: You are frail. (-10% HP) [Ru sacrifice]
 21589 | Lair:3   | Reached ***** piety under Ru
 21597 | Lair:3   | Found a staircase to the Shoals.
 21672 | Lair:3   | Got a bloodstained scimitar
 21673 | Lair:3   | Identified the +6 scimitar of Defiance {flame, Fragile
                  | Int+7} (You found it on level 3 of the Lair of Beasts)
 21684 | Lair:3   | Noticed a five-headed hydra
 21691 | Lair:3   | Killed a two-headed hydra
 22068 | Lair:3   | Reached skill level 1 in Long Blades
 23117 | Lair:3   | Noticed a six-headed hydra
 23139 | Lair:3   | Killed a six-headed hydra
 23705 | Lair:4   | Reached XP level 13. HP: 48/102 MP: 22/22
 24562 | Lair:4   | Learned a level 5 spell: Irradiate
 24669 | Lair:5   | Reached skill level 1 in Conjurations
 25676 | Lair:5   | Gained mutation: You cannot be stealthy. [Ru sacrifice]
 25703 | Lair:6   | Entered Level 6 of the Lair of Beasts
 26889 | Lair:5   | Reached skill level 11 in Transmutations
 27111 | Lair:6   | Learned a level 7 spell: Dragon Form
 28159 | Lair:6   | Reached XP level 14. HP: 94/109 MP: 23/27
 28364 | Lair:6   | Reached skill level 12 in Transmutations
 29563 | Lair:6   | Found a staircase to the Slime Pits.
 30173 | Lair:6   | Reached skill level 10 in Spellcasting
 30720 | Lair:6   | Got a glittering zirconium amulet
 30775 | Lair:6   | Got a pair of translucent gloves
 30782 | Lair:6   | Identified the +2 pair of gloves "Nojygror" {MP+9 Int+3
                  | Dex+4} (You found it on level 6 of the Lair of Beasts)
 31153 | Lair:1   | Identified 3 scrolls of acquirement
 31156 | Lair:1   | Got a fine amber ring
 31158 | Lair:1   | Identified the ring "Akludyxu" {Fire +Inv +Fly} (You
                  | acquired it on level 1 of the Lair of Beasts)
 31165 | Lair:1   | Identified the amulet "Reuliwoi" {Regen+ Str+5 Int+2} (You
                  | found it on level 6 of the Lair of Beasts)
 31605 | D:12     | Gained mutation: Your magical capacity is low. (-10% MP)
                  | [Ru sacrifice]
 31605 | D:12     | Reached ****** piety under Ru
 31729 | D:12     | Found a runed translucent gate.
 31730 | D:12     | Found a runed translucent gate.
 31730 | D:12     | Found an opulent altar of Gozag.
 31730 | D:12     | Found a runed translucent gate.
 31732 | D:12     | Noticed Peloso's ghost (journeyman MiFi)
 31733 | D:12     | Found Tobrihel's Assorted Antiques.
 31817 | D:12     | Noticed Azrael
 31929 | D:12     | Killed Azrael
 31929 | D:12     | Reached skill level 13 in Transmutations
 32453 | D:12     | Found a staircase to the Orcish Mines.
 32492 | Orc:1    | Entered Level 1 of the Orcish Mines
 32570 | Orc:1    | Noticed an orc warlord
 32690 | D:12     | Killed an orc warlord
 32898 | Orc:2    | Entered Level 2 of the Orcish Mines
 32959 | Orc:1    | Reached skill level 14 in Transmutations
 33886 | Orc:2    | Found a staircase to the Elven Halls.
 33964 | Orc:2    | Reached skill level 15 in Transmutations
 33987 | Orc:2    | Reached XP level 15. HP: 115/115 MP: 23/26
 34389 | Orc:2    | Found Tynluod's Antique Armour Shop.
 34389 | Orc:2    | Found Xecweantell's General Store.
 34391 | Orc:2    | Found Jogic's Weapon Shoppe.
 34391 | Orc:2    | Found Xozety's Magic Scroll Boutique.
 34402 | Orc:2    | Bought a scroll of teleportation for 39 gold pieces
 34402 | Orc:2    | Bought a scroll of teleportation for 39 gold pieces
 34402 | Orc:2    | Bought a scroll of teleportation for 39 gold pieces
 34405 | Orc:2    | Bought a potion of haste for 150 gold pieces
 35312 | D:13     | HP: 6/149 [freezing wraith[a death knight] (5)]
 35312 | D:13     | Annihilated by a freezing wraith

Levels and vault maps discovered:
D:1:      sevenhm_arrival_forest_fort_small_6, layout_basic, hex_intersection,
          minmay_pentomino_w4
D:2:      layout_rooms, nrook_campfire, nicolae_gozag_seed_capital
D:3:      layout_loops_ring, grunt_dithmenos_smoke_and_mirrors,
          dk_yredelemnul_ordeal, uniq_jessica, uniq_robin, uniq_natasha
D:4:      layout_loops_cross, uniq_edmund
D:5:      layout_basic, bloody_trog, first_ration, uniq_crazy_yiuf_cottage
D:6:      layout_basic, nicolae_ashenzari_panopticon
D:7:      layout_loops_ring, minmay_temple_entry_gardened_gates, the_bakery,
          tso_metal_star, uniq_duvessa
D:8:      layout_basic, serial_shops, kennysheep_mini_moat,
          chequers_serial_rivers_marsh, kennysheep_generic_room_6, uniq_grum,
          uniq_maurice
D:9:      layout_cave_pods, lemuel_round_altar,
          chequers_temple_overflow_statue_of_worship, minmay_sticks_and_stones
D:10:     layout_irregular_city, basic_altar, okawaru_ov_weapons_minmay,
          uniq_erica, uniq_sonja
D:11:     layout_roguey, erik_lair_island
D:12:     layout_long_grid, orc_0_dummy, ebering_ghost_gozag, uniq_azrael
D:13:     layout_rooms, minmay_diamond_spiral
Temple:   minmay_temple_curvy_branch
Lair:1:   layout_chaotic_city, lemuel_fruit_tree, serial_bayou_shore_a,
          lemuel_fruit_fields
Lair:2:   layout_gridlike, st_stairs_13, grunt_megastairs_4
Lair:3:   cheibrodos_lair_river_kwai, layout_regular_city, shoals_dummy_entry,
          guppyfry_snake_entry_island, uniq_urug
Lair:4:   layout_long_grid
Lair:5:   layout_hall_layers, beast_lair_carwin_1, grunt_megastairs_3
Lair:6:   minmay_lair_end_frog_pond, layout_small_grid,
          minmay_slime_entry_pillars, grunt_forest_large_clearings
Orc:1:    layout_caves
Orc:2:    st_orc_ogre_mass, layout_diamond_mine

Skill      XL: |  1  2  3  4  5  6  7  8  9 10 11 12 13 14 15 |
---------------+----------------------------------------------+-----
Unarmed Combat | 4 5 6 8 10 | 10.2
Transmutations | 3 5 7 10 11 15 | 15.5
Fighting       | 3 9 11 | 11.2
Dodging        | 4 6 7 |  7.3
Shields        | 5 6 |  6.3
Spellcasting   | 4 6 9 10 | 10.0
Earth Magic    | 8 9 |  9.0
Long Blades    | 2 |  2.8
Conjurations   | 3 |  3.0

Action                   |  1- 3 |  4- 6 |  7- 9 | 10-12 | 13-15 || total
-------------------------+-------+-------+-------+-------+-------++-------
Melee: Unarmed           |   115 |   194 |   309 |   550 |   864 ||  2032
       Tailslap          |    15 |    13 |    38 |    67 |   111 ||   244
       Headbutt          |     4 |     3 |       |       |     9 ||    16
       Punch             |     2 |     2 |     7 |    22 |    11 ||    44
       Kick              |     3 |    20 |       |       |       ||    23
       Scimitar          |       |       |       |     4 |       ||     4
Throw: Boomerang         |       |       |       |    48 |     5 ||    53
 Cast: Beastly Appendage |    21 |    17 |     1 |       |     2 ||    41
       Spider Form       |       |     4 |    10 |     3 |       ||    17
       Sticks to Snakes  |       |     3 |     4 |    78 |    59 ||   144
       Blade Hands       |       |       |     7 |    64 |    60 ||   131
       Irradiate         |       |       |       |       |     3 ||     3
       Statue Form       |       |       |       |       |    19 ||    19
       Shroud of Golubri |       |       |       |       |     4 ||     4
       Dragon Form       |       |       |       |       |     1 ||     1
Invok: Sacrifice Essence |       |       |       |     1 |     1 ||     2
       Sacrifice Resista |       |       |       |     1 |       ||     1
       Sacrifice Health  |       |       |       |     1 |       ||     1
       Sacrifice Stealth |       |       |       |       |     1 ||     1
       Apocalypse        |       |       |       |       |     2 ||     2
 Abil: Breathe Fire      |       |       |    11 |    18 |    14 ||    43
       End Transformatio |       |       |     1 |     3 |     5 ||     9
Evoke: Wand              |       |       |       |     3 |       ||     3
  Use: Potion            |       |     3 |     2 |       |       ||     5
       Scroll            |       |       |    10 |    15 |    13 ||    38
 Stab: Distracted        |     1 |       |       |     2 |     3 ||     6
       Sleeping          |       |       |     2 |       |       ||     2
       Confused          |       |       |       |     2 |       ||     2
       Invisible         |       |       |       |     1 |     7 ||     8
       Paralysed         |       |       |       |       |     7 ||     7
  Eat: Chunk             |     4 |    10 |    22 |    37 |    51 ||   124
       Ration            |       |       |     1 |    11 |     5 ||    17
Armor: Skin              |    31 |    54 |    76 |   169 |   372 ||   702
Dodge: Dodged            |    69 |   104 |   173 |   335 |   752 ||  1433
Block: Buckler           |       |       |       |    25 |   205 ||   230
       Rpst.: Scimitar   |       |       |       |     1 |       ||     1

Table legend:
 A = Non-vault XP
 B = Vault XP
 C = Vault XP percentage of total XP
 D = Non-vault monster count
 E = Vault monster count
 F = Vault count percentage of total count
                 A         B        C        D         E       F
            +---------+---------+-------+---------+---------+-------
      Total |   68038 |   45899 |  40.3 |     494 |     181 |  26.8
            +---------+---------+-------+---------+---------+-------
        D:1 |      33 |       9 |  21.4 |      21 |       6 |  22.2
        D:2 |      40 |       6 |  13.0 |      13 |       3 |  18.8
        D:3 |     148 |     174 |  54.0 |      27 |       8 |  22.9
        D:4 |     353 |     171 |  32.6 |      15 |       1 |   6.2
        D:5 |     645 |      39 |   5.7 |      12 |       1 |   7.7
        D:6 |     796 |       0 |   0.0 |      20 |       0 |   0.0
        D:7 |     634 |     570 |  47.3 |      13 |       4 |  23.5
        D:8 |    1844 |     996 |  35.1 |      20 |       5 |  20.0
        D:9 |    2223 |     485 |  17.9 |      13 |       1 |   7.1
       D:10 |    1614 |    1677 |  51.0 |      18 |       4 |  18.2
       D:11 |    4456 |     936 |  17.4 |      58 |       7 |  10.8
       D:12 |   10564 |    2090 |  16.5 |      51 |       6 |  10.5
       D:13 |    5015 |       0 |   0.0 |      21 |       0 |   0.0
     Lair:1 |    5425 |       0 |   0.0 |      23 |       0 |   0.0
     Lair:2 |    3927 |     136 |   3.3 |      15 |       1 |   6.2
     Lair:3 |    3957 |    3440 |  46.5 |      10 |      10 |  50.0
     Lair:4 |    4008 |       0 |   0.0 |      17 |       0 |   0.0
     Lair:5 |    2531 |    3149 |  55.4 |       5 |      14 |  73.7
     Lair:6 |   13883 |   16231 |  53.9 |      47 |      77 |  62.1
      Orc:1 |    3022 |       0 |   0.0 |      24 |       0 |   0.0
      Orc:2 |    2920 |   15790 |  84.4 |      51 |      33 |  39.3
            +---------+---------+-------+---------+---------+-------
